 Dungeon Crawl Stone Soup version 0.30-a0-1114-gd936c97349 (webtiles) character file.

Game seed: 5750956278733387427

215 IdlyInterested the Twirler (level 5, -2/38 HPs)
             Began as a Demonspawn Gladiator on Apr 20, 2023.
             Slain by a gnoll
             ... wielding a +0 halberd
              (6 damage)
             ... on level 4 of the Dungeon.
             The game lasted 00:06:46 (2168 turns).

IdlyInterested the Twirler (Demonspawn Gladiator)   Turns: 2168, Time: 00:06:46

Health: -2/38      AC: 15    Str: 15    XL:     5   Next: 60%
Magic:  6/6        EV: 10    Int: 11    God:
Gold:   148        SH:  0    Dex: 14    Spells: 6/6 levels left

rFire   . . .      SeeInvis .    a - +0 quarterstaff
rCold   + . .      Faith    .    (shield currently unavailable)
rNeg    + . .      Spirit   .    n - +7 Kryia's mail coat {PotionHeal*2 rC+}
rPois   .          Reflect  .    (helmet restricted)
rElec   .          Rampage  .    (no cloak)
rCorr   +                        (no gloves)
Will    .....                    (no boots) Stlth
                                 (no amulet)
HPRegen 0.26/turn                q - ring of resist corrosion
MPRegen 0.10/turn                r - ring of positive energy

@: no status effects
A: horns 1, molten scales 1
a: no special abilities


You were on level 4 of the Dungeon.
You visited 1 branch of the dungeon, and saw 4 of its levels.

You collected 148 gold pieces.

Inventory:

Hand Weapons
 a - a +0 quarterstaff (weapon)
Missiles
 d - 3 throwing nets
 e - a javelin
 i - 31 stones (quivered)
 l - 6 boomerangs
 m - 5 curare-tipped darts
 o - 4 poisoned darts
Armour
 b - a +0 leather armour
 c - a +0 helmet
 n - the +7 Kryia's mail coat (worn) {PotionHeal*2 rC+}
   (You found it on level 2 of the Dungeon)

   PotionHeal*2: Potions heal its wearer twice as much.
   rC:        It protects you from cold.
 v - +0 shadow dragon scales
Jewellery
 q - a ring of resist corrosion (left hand)
 r - a ring of positive energy (right hand)
Scrolls
 g - 3 scrolls of enchant armour {unknown}
 k - 2 scrolls of identify {unknown}
 p - a scroll of vulnerability {unknown}
 s - 3 scrolls of teleportation {unknown}
 t - a scroll of acquirement {unknown}
 u - a scroll of torment {unknown}
 w - a scroll of noise {unknown}
Potions
 f - a potion of mutation {unknown}
 h - 2 potions of curing {unknown}
 j - a potion of might {unknown}


   Skills:
 - Level 2.0 Fighting
 * Level 5.2 Staves
 - Level 1.7 Throwing
 - Level 1.0 Armour
 - Level 2.6 Dodging
 - Level 1.0 Stealth
 - Level 1.0 Shields
 - Level 1.0 Spellcasting
 + Level 0.0 Evocations


You had 6 spell levels left.
You didn't know any spells.
Your spell library was empty.

Dungeon Overview and Level Annotations

Branches:
Dungeon (4/15)
 Temple: D:4-7

Altars:
Makhleb

Shops:
D:4 [


Innate Abilities, Weirdness & Mutations

You have a pair of small horns on your head.
You are partially covered in molten scales. (AC +2)


Message History

The black bear bites you but does no damage.
The black bear claws you. The black bear barely misses you.
You sock the black bear!
You kill the black bear!
A gnoll comes into view. It is wielding a +0 spear.
Training target 1.0 for Shields reached!
Your Staves skill increases to level 5!
Your Shields skill increases to level 1!
You have reached level 5!
The gnoll shouts!
You hit the kobold.
You kill the kobold!
The gnoll hits you but does no damage.
A gnoll comes into view. It is wielding a +0 spear.
The gnoll shouts!
You hear a shout!
The gnoll hits you with a +0 halberd.
Things that are here:
a +0 short sword; a kobold corpse; a black bear corpse You sock the gnoll!
The gnoll is heavily wounded.
The gnoll hits you with a +0 halberd.
You barely miss the gnoll.
The gnoll is heavily wounded.
The gnoll hits you from afar with a +0 spear.
The gnoll hits you with a +0 halberd!
* * * LOW HITPOINT WARNING * * *
You closely miss the gnoll. You headbutt the gnoll.
The gnoll is almost dead.
The gnoll hits you but does no damage. The gnoll barely misses you.
You barely miss the gnoll.
The gnoll is almost dead.
The gnoll hits you but does no damage. x2
The gnoll hits you with a +0 halberd.
* * * LOW HITPOINT WARNING * * *
Okay, then.
You closely miss the gnoll.
The gnoll is almost dead.
The gnoll hits you but does no damage. x2
The gnoll hits you with a +0 halberd.
You die...

# #..##.# #.# ###.####
#.#..##.# #.# #......#
#.......#####.####.#.##.#
####.......##........# #
#....##.##.####.#.# ###
#.##.##.#.........##...
..#
#.##..)....>∩........#
..#####.#
###.##.#########.#
.....##.#####.##@# #
...#.##.......#.g.#
.......########.gg#
..##.#.## #...# #.##....#
#...# #.####..# #...#
....##..# #[..#
#.......#######...#
###.............


You could see 3 gnolls.

Vanquished Creatures
  A black bear (D:4)
  A jelly (D:4)
  A sleepcap (D:4)
  An adder (D:4)
  A dart slug (D:2)
  8 ball pythons
  5 bats
  6 endoplasms
  A giant cockroach (D:1)
  2 goblins
  4 hobgoblins
  3 jackals (D:1)
  4 quokkas
  4 frilled lizards
  5 kobolds
  7 rats
54 creatures vanquished.

Vanquished Creatures (others)
  A fungus (D:1)
1 creature vanquished.

Grand Total: 55 creatures vanquished

Notes
Turn   | Place    | Note
-------+----------+-------------------------------------------
     0 | D:1      | IdlyInterested the Demonspawn Gladiator began the quest for
                  | the Orb.
     0 | D:1      | Reached XP level 1. HP: 16/16 MP: 1/1
    87 | D:1      | Reached skill level 3 in Staves
   118 | D:1      | Gained mutation: You are partially covered in molten
                  | scales. (AC +2) [demonic ancestry]
   118 | D:1      | Reached XP level 2. HP: 22/22 MP: 2/2
   265 | D:1      | Found a faded altar of an unknown god.
   318 | D:1      | Reached skill level 1 in Armour
   764 | D:2      | Found the +7 Kryia's mail coat {PotionHeal*2 rC+}
   770 | D:2      | Reached XP level 3. HP: 27/27 MP: 3/3
  1250 | D:2      | Found a burning altar of Makhleb.
  1750 | D:3      | Reached skill level 1 in Stealth
  1821 | D:4      | Reached skill level 4 in Staves
  1821 | D:4      | Gained mutation: You have a pair of small horns on your
                  | head. [demonic ancestry]
  1821 | D:4      | Reached XP level 4. HP: 16/33 MP: 4/4
  1956 | D:4      | Reached skill level 1 in Spellcasting
  2143 | D:4      | Found Faimatas's Armour Emporium.
  2151 | D:4      | Noticed a black bear
  2161 | D:4      | Killed a black bear
  2162 | D:4      | Reached skill level 5 in Staves
  2162 | D:4      | Reached skill level 1 in Shields
  2162 | D:4      | Reached XP level 5. HP: 29/38 MP: 6/6
  2168 | D:4      | Slain by a gnoll

Illustrated notes

Levels and vault maps discovered:
D:1:      evilmike_arrival_plus, layout_basic, ebering_ecumenical_altar_webs,
          dreamdust_mushroom_princess
D:2:      layout_basic, basic_altar, grunt_ministairs_11, kennysheep_potato
D:3:      layout_basic, uniq_terence
D:4:      layout_loops_cross, serial_shops, shop, uniq_duvessa

Skill      XL: |  1  2  3  4 |
---------------+-------------+-----
Staves         | 3 4 5 |  5.2
Armour         | 1 |  1.0
Stealth        | 1 |  1.0
Spellcasting   | 1 |  1.0
Shields        | 1 |  1.0
Fighting       | |  2.0
Throwing       | |  1.7
Dodging        | |  2.6

Action                     |  1- 3 |  4- 6 || total
---------------------------+-------+-------++-------
  Melee: Quarterstaff      |   141 |    33 ||   174
         Headbutt          |       |     6 ||     6
  Throw: Stone             |     2 |       ||     2
   Stab: Sleeping          |     1 |       ||     1
 Armour: Leather armour    |    27 |       ||    27
         Scale mail        |    57 |    27 ||    84
  Dodge: Dodged            |    97 |    14 ||   111

Table legend: (Time is in decaauts)
 A = Elapsed time spent in this place.
 B = Non-inter-level travel time spent in this place.
 C = Inter-level travel time spent in this place.
 D = Time resting spent in this place.
 E = Time spent auto-exploring this place.
 F = Levels seen in this place.
 G = Mean time per level.
                   A        B        C        D        E       F      G
               +--------+--------+--------+--------+--------+-----+--------+
         Total |   2190 |   1831 |    359 |     69 |   1095 |   4 |  547.5 |
       Dungeon |   2190 |   1831 |    359 |     69 |   1095 |   4 |  547.5 |
               +--------+--------+--------+--------+--------+-----+--------+

Top non-repeatable levels by time:
     D:1: 886 daAuts
     D:2: 812 daAuts
     D:4: 264 daAuts
     D:3: 226 daAuts
